 Dungeon Crawl Stone Soup version 0.25.0-9-g26727b657a (console) character file.

Game seed: 12544028007627897932

62 Garrluk the Slasher (level 4, -2/35 HPs)
             Began as a Formicid Fighter on June 17, 2020.
             Slain by an orc priest
             ... wielding a +0 whip
              (3 damage)
             ... on level 2 of the Dungeon.
             The game lasted 00:05:08 (716 turns).

Garrluk the Slasher (Formicid Fighter)               Turns: 716, Time: 00:05:09

Health: -2/35      AC:  6    Str: 21    XL:     4   Next: 28%
Magic:  4/4        EV:  7    Int:  8    God:
Gold:   78         SH:  9    Dex: 10    Spells: 3/3 levels left

rFire    . . .     SeeInvis +   a - +0 long sword
rCold    . . .     Gourm    .   c - +0 kite shield
rNeg     . . .     Faith    .   b - +0 scale mail
rPois    .         Spirit   .   (helmet unavailable)
rElec    .         Reflect  .   (no cloak)
rCorr    .         Harm     .   (no gloves)
MR       .....                  (no boots)
Stlth    ..........             (no amulet)
HPRegen  0.11/turn              (no ring)
MPRegen  0.09/turn              (no ring)

@: mighty
A: permanent stasis, dig shafts and tunnels, four strong arms, antennae 3
a: Dig, Shaft Self


You were on level 2 of the Dungeon.
You were not hungry.

You visited 1 branch of the dungeon, and saw 2 of its levels.

You collected 78 gold pieces.

Inventory:

Hand Weapons
 a - a +0 long sword (weapon)
Missiles
 l - 17 poisoned darts (quivered)
Armour
 b - a +0 scale mail (worn)
 c - a +0 kite shield (worn)
Scrolls
 g - a scroll of fear {unknown}
 h - 2 scrolls of remove curse {unknown}
 k - a scroll of enchant weapon {unknown}
 m - 3 scrolls of identify {unknown}
 n - a scroll of blinking {unknown}
 o - a scroll of teleportation {unknown}
Potions
 d - a potion of might
 e - 2 potions of curing {unknown}
 i - a potion of degeneration {unknown}
 j - 2 potions of ambrosia {unknown}
 p - a potion of heal wounds {unknown}
 r - a potion of cancellation {unknown}
Comestibles
 f - 4 rations
 q - 6 chunks of flesh


   Skills:
 - Level 3.2 Fighting
 * Level 4.2 Long Blades
 - Level 3.2 Armour
 - Level 3.6 Shields


You had 3 spell levels left.
You didn't know any spells.
Your spell library was empty.

Dungeon Overview and Level Annotations

Branches:
Dungeon (2/15)

Altars:


Innate Abilities, Weirdness & Mutations

You cannot be hasted, slowed, berserked, paralysed or teleported.
You can dig through walls and to a lower floor.
Your four strong arms can wield two-handed weapons with a shield.
You have a pair of large antennae on your head. (SInv)


Message History

You closely miss the orc priest. You block the orc priest's attack.
You hit the orc priest.
The orc priest is lightly wounded.
The orc priest invokes the aid of Beogh against you.
Beogh smites you!
* * * LOW HITPOINT WARNING * * *
The orc priest hits you but does no damage.
You feel very mighty all of a sudden.
The orc priest hits you but does no damage.
You slash the orc priest!
The orc priest is almost dead.
You block the orc priest's attack.
Your scale mail prevents you from hitting the orc priest.
The orc priest is almost dead.
The orc priest hits you with a +0 whip.
* * * LOW HITPOINT WARNING * * *
You closely miss the orc priest.
The orc priest is almost dead.
The orc priest hits you with a +0 whip.
You die...

.. .# #.## #.#
#..# #.#
######.###.#
#.......##.#
#.#####.##.# #.###
#..#.#
####...###....#
............#o#
.#.......#..#.####
#.8...8.#..#{{#@#
######
#.......#..#.#o##
#.....
#....o.o#....###
#.#.##
#....o..#.#..#
#.##.#
#.8...8.#.#..#
#.###.
#.......#.##†##
#.# ##
##.....##.##..#
#.# #
##$⌠$###....>#
#.####
..#######......#
#.# #....#
#.........#....#
#.# ###..#
#####.########.#
#.# ##.#


You could see an orc priest.

Vanquished Creatures
  A gnoll (D:1)
  An adder (D:2)
  2 leopard geckos
  4 orcs (D:2)
  A giant cockroach (D:1)
  5 hobgoblins
  2 jackals (D:2)
  A quokka (D:2)
  7 bats
  4 frilled lizards
  4 goblins (D:1)
  2 kobolds
  3 rats
37 creatures vanquished.

Notes
Turn   | Place    | Note
-------+----------+-------------------------------------------
     0 | D:1      | Garrluk the Formicid Fighter began the quest for the Orb.
     0 | D:1      | Reached XP level 1. HP: 18/18 MP: 1/1
    98 | D:1      | Reached XP level 2. HP: 24/24 MP: 2/2
   114 | D:1      | Reached skill level 3 in Long Blades
   153 | D:1      | Reached XP level 3. HP: 13/29 MP: 3/3
   583 | D:2      | Reached skill level 4 in Long Blades
   583 | D:2      | Reached XP level 4. HP: 35/35 MP: 4/4
   712 | D:2      | HP: 1/35 [orc priest/divine providence (12)]
   716 | D:2      | Slain by an orc priest

Illustrated notes

Levels and vault maps discovered:
D:1:      lemuel_arrival_muddy, layout_rooms, hex_intersection,
          chequers_serial_rivers_small_3
D:2:      cheibrodos_pilgrimage, layout_basic, grunt_temple_overflow_open,
          minmay_misc_feat_cross, uniq_jessica

Skill      XL: |  1  2  3 |
---------------+----------+-----
Long Blades    | 3 4 |  4.2
Fighting       | |  3.2
Armour         | |  3.2
Shields        | |  3.6

Action                   |  1- 3 |  4- 6 || total
-------------------------+-------+-------++-------
Melee: Long sword        |    90 |    27 ||   117
Throw: Stone             |     2 |       ||     2
 Abil: Dig               |    13 |     4 ||    17
  Use: Potion            |       |     1 ||     1
  Eat: Chunk             |       |     1 ||     1
Armor: Scale mail        |    34 |     9 ||    43
Dodge: Dodged            |    33 |     3 ||    36
Block: Kite shield       |    32 |     7 ||    39
       Rpst.: Long sword |    12 |     2 ||    14
